 Dungeon Crawl Stone Soup version 0.30-a0-591-g3c58d2bc28 (webtiles) character file.

Game seed: 15192272724316535425

687278 wormed the Malleable (level 27, 0/205 HPs)
             Began as an Octopode Transmuter on Jan 4, 2023.
             Was an Initiate of Gozag.
             Slain by an ancient champion
             ... wielding a +0 great sword of freezing
              (18 damage)
             ... on level 3 of the Tomb of the Ancients on Jan 5, 2023.
             The game lasted 02:16:04 (75857 turns).

wormed the Malleable (Octopode Transmuter)         Turns: 75857, Time: 02:16:05

Health: 0/205      AC: 11    Str: 18 (19) XL:     27
Magic:  35/35      EV: 23    Int: 57      God:    Gozag
Gold:   41         SH:  0    Dex: 13      Spells: 28/50 levels left

rFire   + + +      SeeInvis +    G - staff of air
rCold   + . .      Faith    .    (no shield)
rNeg    + + +      Spirit   .    E - +2 hat {Int+3}
rPois   .          Reflect  .    T - amulet of regeneration
rElec   +          Harm     .    N - ring of Untruth {rF+ rN+ Str+6}
rCorr   +          Rampage  .    S - ring "Ynoagaj" {rC+ Int+6}
Will    ++++.                    P - ring "Saaklytz" {rF+ rN++ Will+ Int+4}
Stlth   ++                       Q - ring of Cedugett {rElec rF++ Will+ rCorr Int+4}
HPRegen 1.34/turn                l - ring "Myeliol" {Int+7 SInv}
MPRegen 0.24/turn                L - +4 ring of protection
                                 i - +4 ring of protection
                                 y - +6 ring of intelligence

@: wereblooded, gold aura, slowed, studying 3 skills, very slow
A: almost no armour, amphibious, 8 rings, camouflage 1, gelatinous body 1,
(nimble swimmer 1), tentacles, clever 1, low MP 1
}: 4/15 runes: decaying, serpentine, slimy, silver
a: Renounce Religion, Potion Petition, Call Merchant, Bribe Branch


You were on level 3 of the Tomb of the Ancients.
You worshipped Gozag.
Gozag was noncommittal.
You visited 12 branches of the dungeon, and saw 58 of its levels.
You visited 1 bazaar.
You also visited: Gauntlet and Ice Cave.

You collected 35309 gold pieces.
You spent 9687 gold pieces at shops.
You paid 25581 gold pieces to Gozag.

Inventory:

Missiles
 q - 8 throwing nets
Armour
 E - a +2 hat of intelligence (worn)
Magical Staves
 G - a staff of air (weapon)
Jewellery
 i - a +4 ring of protection (on tentacle)
 l - the ring "Myeliol" (on tentacle) {Int+7 SInv}
   (You bought it in a shop on level 6 of the Dungeon)

   [ring of see invisible]

   Int:       It affects your intelligence (+7).
   SInv:      It lets you see invisible.
 y - a +6 ring of intelligence (on tentacle)
 L - a +4 ring of protection (on tentacle)
 N - the ring of Untruth (left tentacle) {rF+ rN+ Str+6}
   (You found it on level 3 of the Realm of Zot)

   [ring of strength]

   Str:       It affects your strength (+6).
   rF:        It protects you from fire.
   rN:        It protects you from negative energy.
 P - the ring "Saaklytz" (on tentacle) {rF+ rN++ Will+ Int+4}
   (You bought it in a shop on level 5 of the Lair of Beasts)

   [ring of protection from fire]

   Int:       It affects your intelligence (+4).
   rF:        It protects you from fire.
   rN:        It greatly protects you from negative energy.
   Will:      It increases your willpower.
 Q - the ring of Cedugett (on tentacle) {rElec rF++ Will+ rCorr Int+4}
   (You found it on level 5 of the Pits of Slime)

   [ring of willpower]

   Int:       It affects your intelligence (+4).
   rF:        It greatly protects you from fire.
   rElec:     It insulates you from electricity.
   rCorr:     It protects you from acid and corrosion.
   Will:      It increases your willpower.
 S - the ring "Ynoagaj" (right tentacle) {rC+ Int+6}
   (You found it on level 3 of the Realm of Zot)

   [ring of intelligence]

   Int:       It affects your intelligence (+6).
   rC:        It protects you from cold.
 T - an amulet of regeneration (around mantle)
Wands
 c - a wand of polymorph (38)
 v - a wand of charming (50)
 F - a wand of roots (70)
 H - a wand of mindburst (21)
 M - a wand of flame (36)
 R - a wand of digging (8)
 U - a wand of acid (29)
Scrolls
 d - 5 scrolls of blinking
 e - a scroll of summoning
 f - 3 scrolls of amnesia
 g - 16 scrolls of enchant weapon
 h - a scroll of silence
 j - 12 scrolls of immolation
 k - 5 scrolls of fog
 o - 27 scrolls of teleportation
 r - 7 scrolls of magic mapping
 B - 12 scrolls of enchant armour
 D - 7 scrolls of fear
 O - 4 scrolls of brand weapon
 X - 4 scrolls of torment
Potions
 a - 8 potions of ambrosia
 m - 15 potions of lignification
 n - 31 potions of curing
 p - 14 potions of brilliance
 s - 10 potions of mutation
 t - 6 potions of resistance
 u - 7 potions of heal wounds
 w - 6 potions of invisibility
 x - 11 potions of haste
 z - 7 potions of berserk rage
 A - 9 potions of flight
 C - 4 potions of might
 J - 6 potions of cancellation
 K - 9 potions of magic


   Skills:
 + Level 21.0 Fighting
 + Level 21.0 Dodging
 + Level 22.5 Unarmed Combat
 - Level 12.0 Spellcasting
 - Level 13.0 Translocations
 + Level 26.0 Transmutations
 - Level 5.0 Ice Magic
 + Level 24.8 Air Magic


You had 28 spell levels left.
You knew the following spells:

 Your Spells              Type           Power      Damage    Failure   Level
a - Storm Form            Tmut/Air       85%        N/A       0%          7
b - Wereblood             Tmut           100%       N/A       0%          2
c - Swiftness             Air            100%       N/A       0%          3
d - Manifold Assault      Tloc           100%       N/A       1%          4
e - Blink                 Tloc           100%       N/A       0%          2
f - Passage of Golubria   Tloc           100%       N/A       1%          4

Your spell library contained the following spells:

 Spells                   Type           Power      Damage    Failure   Level
 Apportation              Tloc           100%       N/A       0%          1
 Beastly Appendage        Tmut           100%       N/A       0%          1
 Shock                    Conj/Air       100%       1d9       0%          1
 Sting                    Tmut/Pois      100%       1d8       0%          1
 Passwall                 Tmut/Erth      91%        N/A       0%          2
 Static Discharge         Conj/Air       100%       2-7/arc   0%          2
 Gell's Gravitas          Tloc           100%       N/A       0%          3
 Lesser Beckoning         Tloc           100%       N/A       0%          3
 Spider Form              Tmut/Pois      100%       N/A       0%          3
 Teleport Other           Tloc           100%       N/A       0%          3
 Vhi's Electric Charge    Tloc/Air       100%       N/A       0%          3
 Airstrike                Air            84%        2d(13-29) 0%          4
 Ice Form                 Ice/Tmut       100%       N/A       0%          4
 Blade Hands              Tmut           73%        N/A       0%          5
 Dragon Form              Tmut           73%        N/A       0%          7
 Freeze                   Ice            100%       1d10      1%          1
 Kiss of Death            Conj/Necr      100%       2d13      1%          1
 Magic Dart               Conj           100%       1d8       1%          1
 Necrotise                Necr           100%       1d9       1%          1
 Sandblast                Erth           68%        2d15      1%          1
 Summon Small Mammal      Summ           100%       N/A       1%          1
 Call Imp                 Summ           34%        N/A       1%          2
 Cigotuvi's Dreadful Rot  Necr/Pois/Air  100%       N/A       1%          2
 Ensorcelled Hibernation  Hex/Ice        100%       N/A       1%          2
 Momentum Strike          Conj/Tloc      100%       3d10      1%          2
 Searing Ray              Conj           68%        2d6       1%          2
 Sublimation of Blood     Necr           34%        N/A       1%          2
 Call Canine Familiar     Summ           34%        N/A       1%          3
 Confusing Touch          Hex            34%        N/A       1%          3
 Frozen Ramparts          Ice            100%       1d16      1%          3
 Hailstorm                Conj/Ice       58%        3d13      1%          3
 Inner Flame              Hex/Fire       34%        N/A       1%          3
 Mephitic Cloud           Conj/Pois/Air  100%       N/A       1%          3
 Ozocubu's Armour         Ice            74%        N/A       1%          3
 Portal Projectile        Hex/Tloc       100%       N/A       1%          3
 Stone Arrow              Conj/Erth      68%        3d11      1%          3
 Summon Guardian Golem    Hex/Summ       34%        N/A       1%          3
 Tukima's Dance           Hex            34%        N/A       1%          3
 Vampiric Draining        Necr           34%        2d8       1%          3
 Petrify                  Tmut/Erth      100%       N/A       1%          4
 Summon Lightning Spire   Summ/Air       100%       N/A       1%          4
 Alistair's Intoxication  Tmut/Pois      73%        N/A       1%          5
 Arcjolt                  Conj/Air       66%        1d76      1%          5
 Freezing Cloud           Conj/Ice/Air   61%        6-21      1%          5
 Irradiate                Conj/Tmut      55%        3d30      1%          5
 Lightning Bolt           Conj/Air       66%        1d90      1%          5
 Silence                  Hex/Air        66%        N/A       1%          5
 Summon Forest            Summ/Tloc      41%        N/A       1%          5
 Yara's Violent Unravell  Hex/Tmut       55%        3d21      1%          5
 Conjure Ball Lightning   Conj/Air       66%        3x3d25    1%          6
 Dispersal                Tloc           55%        N/A       1%          6
 Eringya's Noxious Bog    Tmut/Pois      55%        N/A       1%          6
 Statue Form              Tmut/Erth      73%        N/A       1%          6
 Maxwell's Capacitive Co  Air            84%        ∞         1%          8
 Anguish                  Hex/Necr       17%        N/A       4%          4
 Cause Fear               Hex            17%        N/A       4%          4
 Dispel Undead            Necr           34%        3d15      4%          4
 Flame Wave               Conj/Fire      34%        2d10      4%          4
 Fulminant Prism          Conj/Hex       17%        3d11      4%          4
 Olgreb's Toxic Radiance  Pois           34%        N/A       4%          4
 Sticky Flame             Conj/Fire      34%        2d5       4%          4
 Metabolic Englaciation   Hex/Ice        29%        N/A       4%          5
 Agony                    Necr           34%        N/A       12%         5
 Borgnjor's Vile Clutch   Necr/Erth      17%        N/A       12%         5
 Fireball                 Conj/Fire      17%        3d9       12%         5
 Iskenderun's Battlesphe  Conj           34%        2d9       12%         5
 Lee's Rapid Deconstruct  Erth           17%        3d10*     12%         5
 Summon Mana Viper        Hex/Summ       34%        N/A       12%         5
 Necromutation            Tmut/Necr      55%        N/A       14%         8
 Ozocubu's Refrigeration  Ice            37%        4d15      43%         7
 Death Channel            Necr           17%        N/A       56%         6
 Iron Shot                Conj/Erth      17%        9d4       56%         6
 Summon Cactus Giant      Summ           17%        N/A       56%         6
 Enfeeble                 Hex            17%        N/A       98%         7
 Haunt                    Necr/Summ      17%        N/A       98%         7
 Orb of Destruction       Conj           17%        9d7       98%         7
 Spellforged Servitor     Conj/Summ      17%        N/A       98%         7
 Summon Hydra             Summ           17%        N/A       98%         7
 Discord                  Hex            17%        N/A       100%        8
 Ignition                 Fire           17%        3d7       100%        8
 Infestation              Necr           17%        N/A       100%        8
 Lehudib's Crystal Spear  Conj/Erth      17%        10d5      100%        8
 Summon Horrible Things   Summ           17%        N/A       100%        8
 Death's Door             Necr           17%        N/A       100%        9
 Fire Storm               Conj/Fire      17%        8d4       100%        9
 Animate Dead             Necr           Unusable   N/A       N/A         4
 Simulacrum               Ice/Necr       Unusable   N/A       N/A         6

Dungeon Overview and Level Annotations

Branches:
Dungeon (15/15)            Temple (0/1) D:6            Lair (5/5) D:8
  Swamp (4/4) Lair:3        Snake (4/4) Lair:3        Slime (5/5) Lair:4
    Orc (2/2) D:11            Elf (3/3) Orc:2        Vaults (5/5) D:13
  Crypt (3/3) Vaults:2       Tomb (3/3) Crypt:3      Depths (4/4) D:15
    Zot (5/5) Depths:4      IceCv (visited)         Gauntlet (visited)

Altars:
Ashenzari
Cheibriados
Dithmenos
Elyvilon
Fedhas
Gozag
Hepliaklqana
Kikubaaqudgha
Nemelex Xobeh
Qazlal
Ru
Sif Muna
Trog
Uskayaw
Vehumet
Xom
Yredelemnul

Shops:
D:1 :**::=(=   D:5 =   D:6 =   D:8 *   D:13 *   D:14 ?   Orc:1 :   Orc:2 *[(=
Elf:2 [   Lair:3 =   Lair:5 =   Snake:3 ?*:   Vaults:4 [

Portals:
Hell: Depths:1 Depths:2 Depths:3 Depths:4
Abyss: Depths:3
Pandemonium: Depths:1 Depths:2
Ziggurat: Depths:4


Innate Abilities, Weirdness & Mutations

You cannot wear most types of armour.
You are amphibious.
You can wear up to eight rings at the same time.
Your skin changes colour to match your surroundings (Stealth+).
Your rubbery body absorbs attacks. (AC +1, EV +1)
((You are camouflaged when in or above water. (Stealth+)))
You have tentacles for arms and can constrict up to eight enemies at once.
Your mind is acute. (Int +4, Str/Dex -1)
Your magical capacity is low. (-10% MP)


Message History

You feel much better.
You bellow as the wereblood boils in your veins!
Your transformation has ended.
Your staff of air unmelds from your body.
Your +2 hat of intelligence unmelds from your body.
You feel clever.
The death scarab is no longer distracted by gold.
The skeletal warrior is no longer distracted by gold.
The mummy is no longer distracted by gold. x2
The ushabti is no longer distracted by gold.
The mummy is no longer distracted by gold.
The death scarab is distracted by your dazzling golden aura.
The ancient champion is distracted by your dazzling golden aura.
The skeletal warrior hits you with a +0 long sword!
* * * LOW HITPOINT WARNING * * *
The guardian mummy is distracted by your dazzling golden aura. x2
The skeletal warrior hits you with a +0 long sword!!
* * * LOW HITPOINT WARNING * * *
The royal mummy gestures wildly while chanting.
The death scarab's many legs skitter faintly.
You hit the ancient champion!
The ancient champion is no longer distracted by gold.
You grab the ancient champion. You tentacle-slap the ancient champion!
You squeeze the ancient champion.
The ancient champion is moderately damaged.
You constrict the ancient champion, but do no damage.
The guardian mummy is no longer distracted by gold.
The death scarab is distracted by your dazzling golden aura.
The ushabti is distracted by your dazzling golden aura.
The ancient champion hits you with a +0 great sword of freezing.
* * * LOW HITPOINT WARNING * * *
The royal mummy is distracted by your dazzling golden aura.
The skeletal warrior hits you with a +0 long sword!!
* * * LOW HITPOINT WARNING * * *
The mummy is distracted by your dazzling golden aura.
The ushabti is distracted by your dazzling golden aura.
The mummy is distracted by your dazzling golden aura. x2
The ancient champion hits you with a +0 great sword of freezing!!
You die...
Your body crumbles into a pile of gold.

#.$$# $ #$$.# #$..#
#M$.# #$$$# ##M.$# $
##$$$$#
################$$$.##
..M.^.....MMMMBz@z$.#
MM^.......MM9MMs$..##
...M..Z....M.9MB.###
M9...M9...####B###
M..Zz.§... !.
z.Bz..Z9.# ... $
..M..§.b# ... $
.9M..§.## ..?. $
z$$...## $$


You could see a royal mummy (unaware), an emperor scorpion (summoned), an
ancient champion, a skeletal warrior, 4 guardian mummies, 2 ushabtiu, 3 death
scarabs and 7 mummies.

Vanquished Creatures
  the Royal Jelly (Slime:5)
  Tiamat (Zot:3)
  4 dread liches
  4 ancient liches (Zot:5)
  Khufu (Crypt:1)
  3 orbs of fire (Zot:5)
  Mara (Depths:2)
  Mennas (Crypt:1)
  The ghost of Gofuck the Warrior, a veteran DgAE (Zot:5)
  A juggernaut (Depths:4)
  The ghost of Buusaloph the Wrestler, a veteran TrCK of Xom (Zot:5)
  The ghost of Gehih the Hoplite, a veteran MiBe of Trog (Zot:5)
  Sojobo (Vaults:5)
  14 royal mummies
  Boris (Depths:3)
  3 Killer Klowns
  Frederick (Crypt:2)
  Vashnia (Snake:3)
  4 curse toes
  Vv (Zot:2)
  5 caustic shrikes
  10 golden dragons
  Nikola (Elf:3)
  The ghost of Aklawnof the Wrestler, a legendary VSBe of Trog (Zot:5)
  2 bone dragons
  2 electric golems (Zot:5)
  Mlioglotl (Swamp:1)
  Rupert (Lair:3)
  12 tentacled monstrosities
  A walking crystal tome (Depths:3)
  A walking frostbound tome (Depths:3)
  2 walking earthen tomes (Depths:3)
  25 Orb Guardians (Zot:5)
  3 deep elf master archers (Elf:3)
  3 titans
  3 deep elf blademasters (Elf:3)
  Asterion (Snake:3)
  3 liches
  4 quicksilver dragons
  15 acid blobs
  13 ancient champions
  10 death cobs
  12 sphinxes
  Gastronok (Lair:1)
  Agnes (Snake:1)
  3 revenants
  3 thorn hunters
  7 tengu reavers
  Roxanne (D:14)
  22 storm dragons
  13 fire giants
  12 shadow dragons
  8 draconian monks
  14 rockslimes
  Donald (Swamp:1)
  16 draconian knights
  5 nagarajas
  21 vault wardens
  5 iron dragons
  13 azure jellies
  10 deep elf sorcerers
  5 frost giants
  4 draconian scorchers
  3 ghost moths
  3 draconian stormcallers
  3 deep elf elementalists (Elf:3)
  2 curse skulls
  10 ghouls
  A juggernaut skeleton (Tomb:2)
  2 reapers (Gauntlet)
  6 draconian annihilators
  4 draconian shifters
  2 orc warlords
  28 very ugly things
  17 ironbound preservers
  15 quicksilver oozes
  11 ironbound thunderhulks
  12 stone giants
  4 eleionomae
  A caustic shrike skeleton (Crypt:2)
  7 war gargoyles
  10 vampire knights
  3 deep elf demonologists (Elf:3)
  12 black draconians
  Nessos (D:13)
  7 deep elf annihilators
  3 bunyips
  16 green draconians
  14 red draconians
  12 bennus
  17 dire elephants
  13 purple draconians
  15 white draconians
  18 yellow draconians
  A minotaur (Gauntlet)
  An iron golem (Depths:1)
  4 spark wasps (Depths:2)
  7 ettins
  2 crystal guardians
  5 eidola
  An ettin (shapeshifter) (D:15)
  19 mummy priests
  11 deep elf death magi
  7 fire dragons
  A shambling mangrove (Swamp:4)
  5 entropy weavers
  4 deep elf high priests
  10 jiangshi
  A green death (Depths:1)
  18 yaktaur captains
  6 great orbs of eyes
  2 salamander tyrants
  8 ice dragons
  43 vault guards
  14 hydras
  An ogre mage (Vaults:2)
  2 rakshasas (Depths:3)
  A ghost crab (Swamp:3)
  Erica (D:10)
  4 peacekeepers
  8 ironbound frosthearts
  17 centaur warriors
  4 spriggan air magi
  A spriggan skeleton (Tomb:3)
  11 anacondas
  3 catoblepae
  8 boulder beetles
  12 alligators
  6 two-headed ogres
  7 deep troll shamans
  3 deep troll earth magi
  A fenstrider witch skeleton (Crypt:3)
  An alligator (shapeshifter) (Depths:3)
  11 naga warriors
  4 tengu warriors
  6 death knights
  34 dancing weapons
  11 death scarabs (Tomb:1)
  17 death yaks
  24 naga sharpshooters
  Urug (Lair:5)
  2 spectral dire elephants (Lair:5)
  16 spriggans
  6 spriggan berserkers
  8 vampire magi
  13 hell knights
  6 shock serpents
  A quicksilver ooze zombie (Crypt:3)
  An emperor scorpion zombie (Crypt:3)
  5 orc high priests
  Nergalle (Lair:2)
  A sun demon (Depths:2)
  A sixfirhy (Depths:1)
  5 soul eaters
  12 deep elf knights
  28 skeletal warriors
  5 goliath frogs
  An iron troll (Depths:1)
  4 salamander mystics
  5 shadow wraiths
  Amaemon (D:10)
  The ghost of Newt the Prestidigitator, a novice DsGl of Makhleb (D:8)
  A spectral death yak (Lair:5)
  A sea snake (shapeshifter) (Vaults:2)
  An anaconda zombie (Tomb:3)
  A deep troll (shapeshifter) (Vaults:5)
  7 flayed ghosts
  15 naga ritualists
  51 deep trolls
  A spectral anaconda (Lair:5)
  3 spriggan druids
  2 glowing orange brains
  A glowing orange brain (shapeshifter) (Depths:4)
  11 bog bodies
  6 swamp dragons (Swamp:4)
  An obsidian statue (Lair:5)
  3 spriggan simulacra
  A steelbarb worm (shapeshifter) (Vaults:2)
  An anaconda skeleton (Tomb:3)
  5 deep elf archers
  15 ironbound convokers
  12 necromancers
  14 lindwurms
  24 deep elf pyromancers
  16 deep elf zephyrmancers
  An orange crystal statue (IceCv)
  12 orc knights
  10 wizards
  16 phantasmal warriors
  17 mana vipers
  A shadow dragon skeleton (Crypt:1)
  57 ugly things
  A bunyip skeleton (Crypt:3)
  A jorogumo zombie (Crypt:1)
  2 shining eyes (Slime:5)
  6 cyclopes
  8 orc sorcerers
  A wolf spider (shapeshifter) (Elf:1)
  An eleionoma skeleton (Crypt:1)
  23 salamanders
  4 will-o-the-wisps
  23 moths of wrath
  A manticore (D:13)
  3 dire elephant zombies
  8 guardian serpents
  37 black mambas
  15 naga magi
  22 elephants
  2 rust devils
  A water nymph (shapeshifter) (Vaults:5)
  25 vault sentinels
  An orange demon (D:10)
  5 eyes of devastation
  A smoke demon (Depths:2)
  2 ice statues (Swamp:4)
  2 torpor snails
  5 rime drakes
  10 cane toads
  A centaur skeleton (Crypt:2)
  4 gargoyles
  A minotaur zombie (Tomb:1)
  A kobold demonologist (D:6)
  An unseen horror (shapeshifter) (D:13)
  An unseen horror (D:12)
  11 komodo dragons
  Psyche (D:8)
  A tormentor (Depths:2)
  The ghost of pigah the Changer, a novice OpWn (D:5)
  12 freezing wraiths
  A green draconian skeleton (Crypt:2)
  36 yaktaurs
  A harpy zombie (Crypt:2)
  10 tengu conjurers
  An alligator snapping turtle skeleton (Crypt:2)
  30 guardian mummies
  7 tyrant leeches
  A red devil (Depths:2)
  2 hellwings (Gauntlet)
  3 polar bears
  15 trolls
  2 blink frogs (Lair:3)
  A hydra skeleton (Crypt:1)
  A tarantella (Vaults:1)
  A guardian serpent zombie (Crypt:1)
  2 harpy skeletons
  13 hornets
  7 dream sheep (Lair:2)
  A boulder beetle zombie (Crypt:2)
  A snapping turtle (shapeshifter) (Depths:2)
  A jumping spider (shapeshifter) (Depths:1)
  3 vampires
  2 shadows
  A slime creature zombie (Crypt:2)
  A culicivora (Vaults:2)
  A dire elephant simulacrum (Lair:5)
  118 slime creatures
  A satyr skeleton (Crypt:1)
  9 wraiths
  4 wyverns
  19 ushabtiu
  A yak (shapeshifter) (Vaults:5)
  20 flying skulls
  11 golden eyes
  A steam dragon (D:7)
  7 water elementals
  A basilisk (shapeshifter) (Vaults:5)
  A steam dragon (shapeshifter) (Vaults:5)
  3 fire elementals (Elf:1)
  75 yaks
  A chaos spawn (Depths:1)
  13 vampire mosquitoes
  9 humans (D:13)
  5 redbacks
  9 basilisks
  A spectral cane toad (Lair:5)
  48 nagas
  6 wargs
  19 swamp worms
  2 acid dragons
  A floating eye (shapeshifter) (Depths:4)
  16 water moccasins
  A faun zombie (Crypt:2)
  2 floating eyes
  A sky beast (D:7)
  45 orc warriors
  2 naga skeletons
  A black bear (D:5)
  A demonspawn skeleton (Crypt:1)
  2 ice beasts
  9 swamp drakes
  An elephant zombie (Lair:5)
  6 great orb of eyes simulacra (IceCv)
  5 ogres
  A wolf (Lair:3)
  A hog zombie (Crypt:3)
  6 slime creature simulacra (IceCv)
  8 centaurs
  3 phantoms (D:5)
  A swamp dragon skeleton (Crypt:2)
  3 kobold brigands
  7 necrophages
  9 bullfrogs
  2 cane toad simulacra (Lair:5)
  3 gnoll sergeants
  A wyvern zombie (D:5)
  3 earth elementals (Elf:3)
  7 scorpions
  3 wights (D:8)
  6 glowing shapeshifter simulacra (IceCv)
  A warg zombie (Crypt:2)
  A wyvern skeleton (Crypt:3)
  A queen bee zombie (Crypt:3)
  11 killer bees
  A polar bear zombie (Crypt:2)
  3 howler monkeys
  An electric eel (Lair:3)
  A yak skeleton (Crypt:3)
  A bullfrog zombie (D:5)
  A centaur zombie (Crypt:1)
  2 hounds (D:6)
  A gnoll bouda (D:7)
  18 orc priests
  5 jellies
  5 iguanas
  23 orc wizards
  A sky beast zombie (Crypt:2)
  A hound zombie (Crypt:2)
  A hound skeleton (Crypt:1)
  26 mummies
  21 gnolls
  10 adders
  A howler monkey skeleton (D:5)
  5 shadow imps
  3 white imps
  2 ufetubi (D:6)
  2 worms (D:2)
  4 dart slugs
  93 orcs
  6 bats
  2 bat zombies (D:4)
  6 endoplasms
  3 giant cockroaches
  3 goblins
  10 hobgoblins
  3 jackals (D:1)
  15 kobolds
  3 quokkas
  8 ball pythons
  4 frilled lizards
  6 rats
  2 ball lightnings (Zot:5)
  4 briar patches (Swamp:4)
2665 creatures vanquished.

Vanquished Creatures (others)
  A draconian knight (Zot:1)
  A deep elf annihilator (Elf:3)
  A deep elf knight (Elf:2)
  A freezing wraith (Vaults:5)
  A bloated husk (Swamp:2)
  A human (D:13)
  An ogre (D:6)
  An orc (Vaults:5)
  A quokka (D:4)
  4 ball lightnings (Zot:5)
  10 foxfires
  12 fungi
  21 plants
  16 withered plants
72 creatures vanquished.

Grand Total: 2737 creatures vanquished

Notes
Turn   | Place    | Note
-------+----------+-------------------------------------------
     0 | D:1      | wormed the Octopode Transmuter began the quest for the Orb.
     0 | D:1      | Reached XP level 1. HP: 13/13 MP: 3/3
   133 | D:1      | Reached XP level 2. HP: 18/18 MP: 3/5
   867 | D:1      | Learned a level 2 spell: Wereblood
   917 | D:2      | Reached XP level 3. HP: 23/23 MP: 4/6
  1292 | D:2      | Reached skill level 1 in Ice Magic
  1377 | D:2      | Reached XP level 4. HP: 24/28 MP: 5/7
  2347 | D:3      | Found an opulent altar of Gozag.
  2363 | D:3      | Reached skill level 3 in Transmutations
  2370 | D:3      | Became a worshipper of Gozag Ym Sagoz the Greedy
  2409 | D:3      | Reached XP level 5. HP: 17/34 MP: 3/8
  3054 | D:3      | Noticed an ice beast
  3062 | D:3      | Killed an ice beast
  3063 | D:3      | Reached XP level 6. HP: 15/39 MP: 5/10
  3671 | D:3      | Learned a level 4 spell: Ice Form
  3673 | D:4      | Found a white marble altar of Elyvilon.
  3739 | D:5      | Entered Level 5 of the Dungeon
  3739 | D:5      | Noticed pigah's ghost (novice OpWn)
  3739 | D:5      | Noticed a black bear
  3739 | D:5      | Found a transporter.
  3932 | D:5      | Found Ezxinus's Jewellery Shop.
  4005 | D:5      | Found a transporter.
  4008 | D:5      | Found a stormy altar of Qazlal.
  4021 | D:5      | Found a blossoming altar of Fedhas.
  4088 | D:5      | Reached skill level 4 in Transmutations
  4276 | D:5      | Reached XP level 7. HP: 45/45 MP: 6/11
  4691 | D:4      | Found an ancient bone altar of Kikubaaqudgha.
  5865 | D:5      | Reached skill level 5 in Transmutations
  5865 | D:5      | Reached XP level 8. HP: 52/52 MP: 9/13
  6164 | D:6      | Found a shadowy altar of Dithmenos.
  6229 | D:6      | Found a bloodstained altar of Trog.
  6281 | D:6      | Found a hide-covered altar of Uskayaw.
  6416 | D:6      | Found a staircase to the Ecumenical Temple.
  6518 | D:6      | Noticed a kobold demonologist
  6540 | D:6      | Noticed a red devil
  6541 | D:6      | Noticed a red devil
  6543 | D:6      | Killed a kobold demonologist
  6544 | D:6      | Reached skill level 6 in Transmutations
  6550 | D:6      | Reached skill level 5 in Unarmed Combat
  6550 | D:6      | Reached XP level 9. HP: 58/58 MP: 6/15
  6622 | D:5      | Bought a +4 ring of protection for 504 gold pieces
  6623 | D:5      | Identified a scroll of acquirement
  6623 | D:5      | Acquired 1204 gold pieces
  6625 | D:5      | Bought a +4 ring of protection for 504 gold pieces
  6875 | D:6      | Found a hazy altar of Hepliaklqana.
  6955 | D:6      | Found Ucaruad's Jewellery Emporium.
  6964 | D:6      | Bought the ring "Myeliol" {Int+7 SInv} for 477 gold pieces
  7074 | D:6      | Found a shimmering altar of Xom.
  7462 | D:7      | Reached skill level 5 in Dodging
  7567 | D:7      | Reached skill level 7 in Transmutations
  8339 | D:8      | Reached skill level 5 in Fighting
  8600 | D:8      | Noticed a death yak
  8600 | D:8      | Noticed a death yak
  8600 | D:8      | Noticed a death yak
  8675 | D:8      | Noticed Newt's ghost (novice DsGl)
  8678 | D:8      | Found a transporter.
  8681 | D:8      | Found a transporter.
  8775 | D:8      | Reached skill level 5 in Spellcasting
  8775 | D:8      | Reached skill level 5 in Ice Magic
  8921 | D:8      | Noticed Psyche
  8925 | D:8      | Killed Psyche
  8926 | D:8      | Reached XP level 10. HP: 66/66 MP: 12/17
  8985 | D:8      | Noticed a death yak
  8998 | D:8      | Noticed a death yak
  9026 | D:8      | HP: 3/79 [death yak (21)]
  9440 | D:6      | Bought a +4 ring of protection for 468 gold pieces
  9466 | D:7      | Killed a death yak
  9467 | D:7      | Reached skill level 8 in Transmutations
  9493 | D:8      | Killed a death yak
  9578 | D:8      | Noticed a death yak
  9579 | D:8      | Noticed a death yak
  9618 | D:7      | Killed a death yak
  9696 | D:8      | Found a staircase to the Lair.
 10368 | D:9      | Reached skill level 9 in Transmutations
 10452 | D:9      | You fall into a shaft and drop 1 floor!
 10452 | D:10     | Entered Level 10 of the Dungeon
 10468 | D:10     | Noticed a two-headed ogre
 10499 | D:10     | Noticed Erica
 10508 | D:10     | Killed Erica
 10509 | D:10     | Reached XP level 11. HP: 73/73 MP: 13/20
 10612 | D:10     | Found a broken altar of Ashenzari.
 10612 | D:10     | Found a sparkling altar of Nemelex Xobeh.
 10641 | D:10     | Found a sacrificial altar of Ru.
 10685 | D:10     | Noticed Amaemon
 10816 | D:9      | Noticed a two-headed ogre
 10821 | D:9      | Killed a two-headed ogre
 11305 | D:7      | Killed a death yak
 11306 | D:7      | Reached skill level 10 in Transmutations
 11341 | D:6      | Bought a +6 ring of intelligence for 468 gold pieces
 11516 | D:7      | Killed a death yak
 11523 | D:7      | Killed a death yak
 11689 | D:8      | Killed a death yak
 12034 | D:10     | Noticed a two-headed ogre
 12047 | D:10     | Killed a two-headed ogre
 12338 | D:10     | Killed a two-headed ogre
 12465 | D:10     | Reached XP level 12. HP: 81/81 MP: 16/22
 12472 | D:10     | Reached skill level 11 in Transmutations
 12771 | D:10     | Killed Amaemon
 13417 | D:11     | Found a staircase to the Orcish Mines.
 13883 | D:11     | Noticed a boulder beetle
 13911 | D:11     | Killed a boulder beetle
 14162 | D:12     | Noticed a two-headed ogre
 14177 | D:12     | Killed a two-headed ogre
 14401 | Lair:1   | Entered Level 1 of the Lair of Beasts
 14583 | Lair:1   | Noticed a death yak
 14583 | Lair:1   | Noticed a death yak
 14583 | Lair:1   | Noticed a death yak
 14586 | Lair:1   | Noticed a death yak
 14955 | Lair:1   | Noticed Gastronok
 14957 | Lair:1   | Reached skill level 12 in Transmutations
 14973 | Lair:1   | Killed Gastronok
 15377 | Lair:1   | Noticed a boulder beetle
 15401 | Lair:1   | Killed a boulder beetle
 15613 | Lair:1   | Killed a death yak
 15614 | Lair:1   | Reached XP level 13. HP: 90/90 MP: 19/25
 15837 | D:8      | Learned a level 7 spell: Storm Form
 16153 | Lair:2   | Noticed Nergalle
 16176 | Lair:2   | Killed Nergalle
 16359 | Lair:2   | Reached skill level 5 in Air Magic
 17434 | Lair:3   | Found a staircase to the Swamp.
 17593 | Lair:3   | Found a staircase to the Snake Pit.
 18004 | Lair:3   | Noticed Rupert
 18027 | Lair:3   | Paralysed by Rupert for 4 turns
 18340 | Lair:3   | Killed Rupert
 18412 | Lair:3   | Reached skill level 10 in Air Magic
 18556 | Lair:3   | Reached XP level 14. HP: 97/97 MP: 4/26
 18581 | Lair:3   | Gained mutation: You are clumsy. (Dex -2) [mutagenic glow]
 18811 | Lair:3   | Noticed a dire elephant
 18825 | Lair:3   | Killed a dire elephant
 19436 | Lair:3   | Bought a +6 ring of strength for 360 gold pieces
 19550 | Lair:4   | Found a staircase to the Slime Pits.
 20555 | Lair:5   | Entered Level 5 of the Lair of Beasts
 20622 | Lair:5   | Identified the +9 sling "Voorroba" {flame, rC+ Str+5}
 20820 | Lair:5   | Noticed a dire elephant
 20820 | Lair:5   | Noticed a dire elephant
 20820 | Lair:5   | Noticed a dire elephant
 20821 | Lair:5   | Noticed a dire elephant
 21047 | Lair:5   | Killed a dire elephant
 21054 | Lair:5   | Killed a dire elephant
 21058 | Lair:5   | Killed a dire elephant
 21059 | Lair:5   | Reached skill level 10 in Unarmed Combat
 21069 | Lair:5   | Killed a dire elephant
 21216 | Lair:5   | Identified the ring of Freedom {rF++ Str+3 Dex+6}
 21335 | Lair:5   | Reached XP level 15. HP: 91/103 MP: 20/27
 21394 | Lair:5   | Reached skill level 10 in Dodging
 21399 | Lair:5   | Reached skill level 13 in Transmutations
 21631 | Lair:5   | Noticed Urug
 21641 | Lair:5   | Reached skill level 10 in Fighting
 21642 | Lair:5   | Killed Urug
 22564 | Lair:5   | Bought the ring "Saaklytz" {rF+ rN++ Will+ Int+4} for 791
                  | gold pieces
 22573 | Lair:5   | Bought a +6 ring of intelligence for 504 gold pieces
 22758 | D:5      | Killed pigah's ghost
 22936 | D:8      | Killed Newt's ghost
 23164 | Orc:1    | Entered Level 1 of the Orcish Mines
 23319 | Orc:1    | Found a bloodstained altar of Trog.
 23508 | Orc:1    | Found Gor Ast's Book Emporium.
 23914 | Orc:2    | Entered Level 2 of the Orcish Mines
 23914 | Orc:2    | Found Touno's Jewellery Boutique.
 24149 | Orc:2    | Found Emudutis's General Store.
 24179 | Orc:2    | Found Fuelen's Antique Armour Boutique.
 24306 | Orc:2    | Found Sor Dim's Antique Weapon Emporium.
 24378 | Orc:2    | Noticed an orc warlord
 24388 | Orc:2    | Killed an orc warlord
 24469 | Orc:2    | Found a staircase to the Elven Halls.
 24543 | Orc:2    | Reached skill level 14 in Transmutations
 25523 | D:12     | Reached XP level 16. HP: 111/111 MP: 20/28
 25997 | D:13     | Found a gate leading to a gauntlet.
 26006 | Gauntlet | Entered a Gauntlet
 26006 | Gauntlet | Found a transporter.
 26006 | Gauntlet | Found a transporter.
 26040 | Gauntlet | Found a transporter.
 26044 | Gauntlet | Found a transporter.
 26054 | Gauntlet | Found a transporter.
 26058 | Gauntlet | Found a transporter.
 26070 | Gauntlet | Found a transporter.
 26090 | Gauntlet | Found a transporter.
 26107 | Gauntlet | Found a transporter.
 26111 | Gauntlet | Found a transporter.
 26123 | Gauntlet | Found a transporter.
 26125 | Gauntlet | Found a transporter.
 26556 | Gauntlet | Identified the +5 pair of gloves of Lingaico {+Inv rC+
                  | Str-3 SInv}
 26659 | Gauntlet | Got Kikubaaqudgha's Textbook on Last Rites
 27072 | D:13     | Found the +8 arc blade {discharge, rElec}
 27074 | D:13     | Identified the +9 hand axe of Obsession {antimagic, rElec
                  | rN+ Str-2 Dex+4}
 27281 | D:13     | Found a gate to the Vaults.
 27315 | D:13     | Noticed Nessos
 27324 | D:13     | Killed Nessos
 27649 | D:13     | Found Asarayz's Assorted Antiques.
 28149 | D:14     | Identified Roxanne's Essays on Orogeny
 28149 | D:14     | Noticed Roxanne
 28160 | D:14     | Killed Roxanne
 29060 | D:15     | Entered Level 15 of the Dungeon
 29109 | D:15     | Reached skill level 15 in Air Magic
 29121 | D:15     | Reached skill level 15 in Transmutations
 29170 | D:15     | Found a staircase to the Depths.
 29757 | D:15     | Found a sparkling altar of Nemelex Xobeh.
 30116 | Snake:1  | Entered Level 1 of the Snake Pit
 30185 | Snake:1  | Noticed Agnes
 30197 | Snake:1  | Killed Agnes
 30212 | Snake:1  | Reached XP level 17. HP: 115/117 MP: 29/29
 32266 | Snake:3  | Noticed Vashnia
 32274 | Snake:3  | Killed Vashnia
 32521 | Snake:3  | Noticed Asterion
 32527 | Snake:3  | Reached skill level 16 in Transmutations
 32527 | Snake:3  | Noticed an Executioner
 32532 | Snake:3  | Killed Asterion
 33098 | Snake:3  | Found Aroishru's Magic Scroll Boutique.
 33107 | Snake:3  | Found Biaturei's Assorted Antiques.
 33112 | Snake:3  | Reached XP level 18. HP: 105/126 MP: 21/30
 33183 | Snake:3  | Bought a sparkling turquoise ring for 135 gold pieces
 33183 | Snake:3  | Identified the ring "Eqaifu" {rPois rF+ rCorr} (You bought
                  | it in a shop on level 3 of the Snake Pit)
 33227 | Snake:3  | Found Botziodipt's Book Boutique.
 33388 | Snake:4  | Entered Level 4 of the Snake Pit
 33532 | Snake:4  | Reached skill level 17 in Transmutations
 34100 | Snake:4  | Got a serpentine rune of Zot
 34890 | D:1      | Bought a manual of Transmutations for 1440 gold pieces
 35113 | Swamp:1  | Entered Level 1 of the Swamp
 35251 | Swamp:1  | Noticed Donald
 35265 | Swamp:1  | Killed Donald
 35615 | Swamp:1  | Noticed Mlioglotl
 35626 | Swamp:1  | Killed Mlioglotl
 35983 | Swamp:2  | Got the Vellum of a Million Tables
 36139 | Swamp:2  | Reached XP level 19. HP: 134/134 MP: 22/31
 36972 | Swamp:3  | Reached skill level 18 in Transmutations
 37462 | Swamp:4  | Entered Level 4 of the Swamp
 37529 | Swamp:4  | Found a frozen archway.
 37579 | IceCv    | Entered an ice cave
 37914 | IceCv    | Found a viscous altar of Jiyva.
 37947 | IceCv    | Identified the ring of Leucaeje {rElec rF+ Will+ Slay-2
                  | SInv}
 37949 | IceCv    | Identified the amulet "Arphaeqau" {Faith rElec}
 37951 | IceCv    | Identified the ring of the Cricket {rPois rC+ Will+ Str+2
                  | Dex-2}
 38503 | Swamp:4  | Reached skill level 19 in Transmutations
 38868 | Swamp:4  | Got a decaying rune of Zot
 39297 | D:1      | Bought a lumpy cameo amulet for 125 gold pieces
 39303 | D:1      | Learned a level 2 spell: Blink
 39308 | D:1      | Learned a level 4 spell: Passage of Golubria
 39589 | Vaults:1 | Entered Level 1 of the Vaults
 39842 | Vaults:1 | Reached XP level 20. HP: 142/142 MP: 32/32
 40179 | Vaults:1 | Reached skill level 20 in Transmutations
 40710 | Vaults:1 | You fall into a shaft and drop 1 floor!
 40895 | Vaults:2 | Identified the +6 hand axe of Bloody Death {protect, rElec
                  | MP+9 Str+4}
 40930 | Vaults:2 | Identified the ring "Temappor" {Fly rF- Str-5 Int+8 Stlth+}
 41142 | Vaults:2 | Identified the +5 shortbow of the Blessed Realm {freeze,
                  | Drain rPois rF+ Str+3}
 41563 | Vaults:2 | Reached skill level 21 in Transmutations
 41632 | Vaults:2 | Reached XP level 21. HP: 149/149 MP: 33/33
 41859 | Vaults:2 | Found a staircase to the Crypt.
 43441 | Vaults:3 | Reached skill level 15 in Unarmed Combat
 43788 | Vaults:3 | Reached skill level 15 in Fighting
 43836 | Vaults:3 | Reached skill level 15 in Dodging
 44930 | Vaults:4 | Reached XP level 22. HP: 156/157 MP: 34/34
 45386 | Vaults:4 | Found Seohizxa's Antique Armour Shoppe.
 45505 | Vaults:4 | Reached skill level 22 in Transmutations
 45891 | Vaults:5 | Entered Level 5 of the Vaults
 46272 | D:1      | Bought a book of Burglary for 280 gold pieces
 46276 | D:1      | Learned a level 3 spell: Swiftness
 46555 | Elf:1    | Entered Level 1 of the Elven Halls
 46651 | Elf:1    | You are sucked into a shaft and drop 1 floor!
 46655 | Elf:2    | Reached skill level 1 in Translocations
 47189 | Elf:1    | Got Cuerhon's Compilation of the Throng
 48018 | Elf:2    | Found Ymmox's Antique Armour Boutique.
 48048 | Elf:2    | Found a runed translucent gate.
 48049 | Elf:2    | Found a runed translucent gate.
 48049 | Elf:2    | Found a runed translucent gate.
 48881 | Elf:3    | Entered Level 3 of the Elven Halls
 49490 | Elf:3    | Noticed Nikola
 49499 | Elf:3    | Killed Nikola
 49929 | Elf:3    | Reached XP level 23. HP: 164/164 MP: 35/35
 49957 | Elf:3    | Reached skill level 5 in Translocations
 50039 | Elf:3    | Identified the +3 lajatang of Uhethriv {flame, Will+ Str+3}
 50171 | Elf:3    | Identified the +6 rapier of the Gnat {protect, rElec rF+}
 50176 | Elf:3    | Identified the +7 hand axe "Gice" {flame, Will+ Int+2
                  | Dex+6}
 50182 | Elf:3    | Identified the +4 sling of Kiklukac {flame, rC+}
 50184 | Elf:3    | Got the Quarto of Combat Magic
 51793 | Vaults:5 | Noticed a golden dragon
 51805 | Vaults:5 | Killed a golden dragon
 51812 | Vaults:5 | Noticed Sojobo
 51832 | Vaults:5 | Killed Sojobo
 51894 | Vaults:5 | Noticed a golden dragon
 51900 | Vaults:5 | Killed a golden dragon
 51918 | Vaults:5 | Identified the ring of Leutom {Fly rC+ rN+}
 52669 | Vaults:5 | Noticed a dread lich
 52675 | Vaults:5 | Identified the +8 dire flail "Voeheh" {freeze, *Noise Dex+2
                  | Stlth+}
 52675 | Vaults:5 | Identified the +6 shortbow of Defiance {heavy, Str+4}
 52675 | Vaults:5 | Identified the amulet of Dishonesty {Spirit Str+4 SInv}
 52675 | Vaults:5 | Found the ring of the Octopus King {HP+2 AC+2 EV+2 SH+2
                  | SInv}
 52685 | Vaults:5 | Reached XP level 24. HP: 162/171 MP: 36/36
 52687 | Vaults:5 | Identified the +3 robe of Ami Wout {rPois rC+ Str-3}
 52695 | Vaults:5 | Killed a dread lich
 52734 | Vaults:5 | Noticed a dread lich
 52747 | Vaults:5 | Killed a dread lich
 52748 | Vaults:5 | Reached skill level 10 in Spellcasting
 52910 | Vaults:5 | Got Sif Muna's Elucidation of Shifting Filth
 53042 | Vaults:5 | Found the +8 Vampire's Tooth {vamp}
 53179 | Vaults:5 | Got the Directory of Lava and Percussion
 53182 | Vaults:5 | Identified the +8 spear "Demonslayer" {flame, *Noise rPois
                  | rCorr}
 53185 | Vaults:5 | Identified the +3 rapier "Lifebane" {flame, rElec Dex+2
                  | SInv}
 53356 | Vaults:5 | Got a silver rune of Zot
 53925 | D:1      | Learned a level 4 spell: Manifold Assault
 54236 | Depths:1 | Entered Level 1 of the Depths
 54242 | Depths:1 | Found a gateway to Hell.
 54263 | Depths:1 | Reached skill level 23 in Transmutations
 54437 | Depths:1 | Found a snail-covered altar of Cheibriados.
 54636 | Depths:1 | Reached skill level 10 in Translocations
 54660 | Depths:1 | Found a one-way gate leading to the halls of Pandemonium.
 55022 | Depths:2 | Noticed Mara
 55024 | Depths:2 | Noticed wormed's illusion
 55035 | Depths:2 | Killed Mara
 55697 | Depths:2 | Noticed a caustic shrike
 55706 | Depths:2 | Killed a caustic shrike
 55880 | Depths:3 | Noticed Boris
 55887 | Depths:3 | Killed Boris
 55892 | Depths:3 | Found a gateway to a bazaar.
 55986 | Depths:3 | Reached XP level 25. HP: 173/180 MP: 29/37
 55999 | Bazaar   | Entered a bazaar
 55999 | Bazaar   | Found Siafyif's Jewellery Boutique.
 55999 | Bazaar   | Found Dirr's General Store.
 55999 | Bazaar   | Found Uwemil's Magic Scroll Shop.
 55999 | Bazaar   | Found Afaushaiwn's Weapon Boutique.
 55999 | Bazaar   | Found Juhun's Assorted Antiques.
 56024 | Bazaar   | Bought a scroll of acquirement for 572 gold pieces
 56032 | Bazaar   | Acquired 1001 gold pieces
 56282 | Depths:3 | Identified the +8 spear "Xurirch" {heavy, rElec rC+}
 56505 | Depths:3 | Found a radiant altar of Vehumet.
 56666 | Depths:3 | Found a one-way gate to the infinite horrors of the Abyss.
 56743 | Depths:3 | Identified the +1 helmet of the Page of Swords {+Blink rN+}
 56817 | Depths:4 | Entered Level 4 of the Depths
 57161 | Depths:4 | Noticed a juggernaut
 57166 | Depths:4 | Killed a juggernaut
 57258 | Depths:4 | Paralysed by a floating eye for 3 turns
 57366 | Depths:4 | Found a one-way gateway to a ziggurat.
 57581 | Depths:4 | Found a shimmering blue altar of Sif Muna.
 57916 | Depths:4 | Found a gate to the Realm of Zot.
 58324 | Crypt:1  | Entered Level 1 of the Crypt
 58465 | Crypt:1  | Noticed a royal mummy
 58470 | Crypt:1  | Killed a royal mummy
 58471 | Crypt:1  | Noticed a royal mummy
 58476 | Crypt:1  | Noticed Khufu
 58480 | Crypt:1  | Killed a royal mummy
 58490 | Crypt:1  | Killed Khufu
 58994 | Crypt:1  | Noticed Mennas
 59007 | Crypt:1  | Killed Mennas
 59279 | Crypt:2  | Noticed Frederick
 59289 | Crypt:2  | Killed Frederick
 59338 | Crypt:2  | Reached XP level 26. HP: 188/188 MP: 38/38
 60013 | Crypt:3  | Entered Level 3 of the Crypt
 60013 | Crypt:3  | Found a staircase to the Tomb.
 60945 | Crypt:3  | Found an ancient bone altar of Kikubaaqudgha.
 60958 | Crypt:3  | Found a basalt altar of Yredelemnul.
 60988 | Crypt:3  | Got the Book of Cadavers
 61158 | Crypt:3  | Identified the +2 leather armour of Purpose {Str+4 Slay+3}
 61636 | D:1      | Bought a manual of Unarmed Combat for 1200 gold pieces
 61848 | Slime:1  | Entered Level 1 of the Pits of Slime
 62333 | Slime:2  | Reached skill level 24 in Transmutations
 63197 | Slime:5  | Entered Level 5 of the Pits of Slime
 63400 | Slime:5  | Noticed the Royal Jelly
 63414 | Slime:5  | Killed the Royal Jelly
 63669 | Slime:5  | Reached XP level 27. HP: 158/197 MP: 33/39
 63802 | Slime:5  | Identified the +10 mace "Megyes" {heavy, Str+3 Dex+5}
 63809 | Slime:5  | Identified the +6 trident "Eviscerator" {venom, MP+9
                  | Stlth+}
 63811 | Slime:5  | Got a slimy rune of Zot
 63812 | Slime:5  | Identified the ring of Cedugett {rElec rF++ Will+ rCorr
                  | Int+4}
 63834 | Slime:5  | Identified the amulet of Wyott {Faith -Tele Fly rN+ Int+2}
 63859 | Slime:5  | Identified the +8 longbow of Resourcefulness {flame, Int+3}
 63897 | Slime:5  | Identified the ring "Ophadgh" {rF+ rC++ Will+ Str-5 SInv}
 65104 | Zot:1    | Entered Level 1 of the Realm of Zot
 66296 | Zot:2    | Noticed Vv
 66311 | Zot:2    | Killed Vv
 66840 | Zot:3    | Found the +4 dragonskin cloak
 66840 | Zot:3    | Noticed Tiamat
 66854 | Zot:3    | Found a transporter.
 66874 | Zot:3    | Killed Tiamat
 67067 | Zot:3    | Found a transporter.
 67788 | Zot:3    | You are sucked into a shaft and drop 1 floor!
 68625 | Zot:3    | Identified the ring of Untruth {rF+ rN+ Str+6}
 68640 | Zot:3    | Identified the ring "Ynoagaj" {rC+ Int+6}
 68650 | Zot:3    | Got the Almanac of Impurities and Thermatology
 69900 | Zot:5    | Entered Level 5 of the Realm of Zot
 70009 | Zot:5    | Found a runed translucent gate.
 70009 | Zot:5    | Found a runed translucent gate.
 70009 | Zot:5    | Found a runed translucent gate.
 70010 | Zot:5    | Noticed Gofuck's ghost (veteran DgAE)
 70010 | Zot:5    | Noticed Gehih's ghost (veteran MiBe)
 70011 | Zot:5    | Noticed Aklawnof's ghost (legendary VSBe)
 70011 | Zot:5    | Noticed Buusaloph's ghost (veteran TrCK)
 70157 | Zot:5    | Reached skill level 25 in Transmutations
 70465 | Zot:5    | Noticed a dread lich
 70466 | Zot:5    | Noticed an orb of fire
 70486 | Zot:5    | Killed an orb of fire
 70487 | Zot:5    | Noticed an ancient lich
 70492 | Zot:5    | Noticed an orb of fire
 70494 | Zot:5    | Gained mutation: You occasionally lose the ability to drink
                  | potions when taking damage. [an orb of fire]
 71579 | Zot:5    | Gained mutation: Your spells are a little easier to cast,
                  | but a little less powerful. [an orb of fire]
 71581 | Zot:5    | Killed an orb of fire
 71664 | Zot:4    | Lost mutation: You occasionally lose the ability to drink
                  | potions when taking damage. [potion of mutation]
 71664 | Zot:4    | Lost mutation: Your spells are a little easier to cast, but
                  | a little less powerful. [potion of mutation]
 71664 | Zot:4    | Lost mutation: You are clumsy. (Dex -2) [potion of
                  | mutation]
 71664 | Zot:4    | Gained mutation: Your magical capacity is low. (-10% MP)
                  | [potion of mutation]
 71664 | Zot:4    | Gained mutation: Your mind is acute. (Int +4, Str/Dex -1)
                  | [potion of mutation]
 71672 | Zot:5    | Killed an ancient lich
 71758 | Zot:5    | Noticed a dread lich
 71765 | Zot:5    | Noticed an orb of fire
 71770 | Zot:5    | Killed a dread lich
 71780 | Zot:5    | Killed an orb of fire
 71786 | Zot:5    | Killed a dread lich
 72169 | Zot:5    | Noticed an ancient lich
 72171 | Zot:5    | Noticed an ancient lich
 72178 | Zot:5    | Killed an ancient lich
 72179 | Zot:5    | Killed an ancient lich
 72210 | Zot:5    | Noticed an ancient lich
 72217 | Zot:5    | Killed an ancient lich
 72461 | Zot:5    | Killed Gehih's ghost
 72462 | Zot:5    | Killed Aklawnof's ghost
 72465 | Zot:5    | Killed Buusaloph's ghost
 72470 | Zot:5    | Killed Gofuck's ghost
 73424 | Orc:2    | Bought a potion of mutation for 88 gold pieces
 73555 | D:14     | Bought a potion of mutation for 144 gold pieces
 73555 | D:14     | Bought a potion of invisibility for 144 gold pieces
 73555 | D:14     | Bought a potion of lignification for 54 gold pieces
 73555 | D:14     | Bought a potion of curing for 54 gold pieces
 73555 | D:14     | Bought a potion of magic for 144 gold pieces
 73555 | D:14     | Bought a potion of flight for 54 gold pieces
 73555 | D:14     | Bought a potion of berserk rage for 90 gold pieces
 73555 | D:14     | Bought a potion of lignification for 54 gold pieces
 73613 | D:13     | Bought 2 potions of brilliance for 312 gold pieces
 73613 | D:13     | Bought a scroll of blinking for 292 gold pieces
 73613 | D:13     | Bought a potion of lignification for 117 gold pieces
 73613 | D:13     | Bought 2 potions of brilliance for 312 gold pieces
 73804 | Tomb:1   | Entered Level 1 of the Tomb of the Ancients
 74203 | Tomb:1   | Noticed a royal mummy
 74210 | Tomb:1   | Noticed a royal mummy
 74212 | Tomb:1   | Noticed a royal mummy
 74544 | Tomb:1   | Killed a royal mummy
 74570 | Tomb:1   | Killed a royal mummy
 74593 | Tomb:1   | Killed a royal mummy
 75435 | Tomb:2   | Noticed a royal mummy
 75439 | Tomb:2   | Noticed a royal mummy
 75441 | Tomb:2   | Noticed a royal mummy
 75442 | Tomb:2   | Noticed a royal mummy
 75445 | Tomb:2   | Killed a royal mummy
 75742 | Tomb:3   | Entered Level 3 of the Tomb of the Ancients
 75763 | Tomb:3   | Noticed a royal mummy
 75765 | Tomb:3   | Noticed a royal mummy
 75768 | Tomb:3   | Killed a royal mummy
 75769 | Tomb:3   | Noticed a royal mummy
 75773 | Tomb:3   | Noticed a royal mummy
 75774 | Tomb:3   | Noticed a royal mummy
 75778 | Tomb:3   | Killed a royal mummy
 75798 | Tomb:3   | Killed a royal mummy
 75802 | Tomb:3   | Noticed a royal mummy
 75805 | Tomb:3   | Noticed a royal mummy
 75809 | Tomb:3   | Killed a royal mummy
 75814 | Tomb:3   | Noticed a royal mummy
 75816 | Tomb:3   | Killed a royal mummy
 75821 | Tomb:3   | Reached skill level 26 in Transmutations
 75825 | Tomb:3   | Killed a royal mummy
 75840 | Tomb:3   | Noticed a royal mummy
 75842 | Tomb:3   | Killed a royal mummy
 75851 | Tomb:3   | Killed a royal mummy
 75854 | Tomb:3   | HP: 9/205 [ancient champion/iron shot (27)]
 75857 | Tomb:3   | Slain by an ancient champion

Illustrated notes

Levels and vault maps discovered:
D:1:      dpeg_arrival_tiny_a, layout_loops_corners
D:2:      layout_loops_ring, columned_hall_lemuel
D:3:      layout_rooms, old_standard_altar, st_stairs_10,
          amcnicky_mini_rare_corridor_liquid
D:4:      layout_loops_corners, elyvilon_altar_4,
          lemuel_zombie_altar_kikubaaqudgha, due_unseen_surprise
D:5:      layout_gridville, grunt_temple_overflow_forces_of_nature,
          gammafunk_ghost_mausoleum, serial_shops, shop, minivault_25
D:6:      layout_rooms, xom_confusion_cloud, grunt_dithmenos_shadows,
          old_standard_altar, lemuel_round_altar, lemuel_doored_altar,
          minmay_temple_entry_gardened_gates, serial_rivers,
          chequers_serial_rivers_small_3, chequers_serial_rivers_small_b,
          chequers_serial_rivers_small_3, chequers_serial_rivers_small_3,
          chequers_serial_rivers_micro_c, chequers_serial_rivers_small_3,
          serial_shops, nicolae_stop_n_shop_1
D:7:      layout_basic
D:8:      layout_gridville, dpeg_lair_monsters, gammafunk_ghost_hive,
          uniq_psyche
D:9:      layout_long_grid
D:10:     layout_roguey [special_room_orc], grunt_temple_overflow_open,
          uniq_amaemon, uniq_erica
D:11:     layout_stronghold, minmay_orc_entry_temple_small,
          kennysheep_small_circle
D:12:     minmay_octagon_keep, layout_basic
D:13:     layout_irregular_city, ximxim_vaults_locker_room, serial_shops,
          shop_fountains, gauntlet_entry_generic, minmay_the_grid_2x2
          [minmay_the_grid_minigrid_large, minmay_the_grid_all_tris,
          minmay_the_grid_empty, minmay_the_grid_prize_shrinking_boxes],
          uniq_nessos
D:14:     layout_cave_pods, kennysheep_pointless_box,
          kennysheep_decorative_pillar, nicolae_straight_to_the_point,
          uniq_roxanne
D:15:     hangedman_depths_entry_civil_slaughter, layout_rooms,
          nemelex_spade_bored_becter
Lair:1:   layout_regular_city, nicolae_volcano_entry_vermiform,
          infiniplex_staircase_pool, uniq_gastronok
Lair:2:   layout_roguey, serial_bayou_shore_a, lemuel_fruit_fields,
          grunt_megastairs_4, uniq_nergalle
Lair:3:   nzn_winding_woodlands_stair_cross [nzn_winding_woodlands_5x15_twine,
          nzn_winding_woodlands_center_lodge, nzn_winding_woodlands_5x15_pool,
          nzn_winding_woodlands_hourglass, nzn_winding_woodlands_5x5_perimeter,
          nzn_winding_woodlands_5x15_lazy_stream,
          nzn_winding_woodlands_center_pierced_h,
          nzn_winding_woodlands_5x15_sidewinder], layout_long_grid,
          nicolae_swamp_entry_splash_gauntlet, guppyfry_snake_entry_garden,
          minivault_27, pdpol_lair_neglected_garden, uniq_rupert
Lair:4:   layout_regular_city, minmay_slime_entry_pillars,
          infiniplex_staircase_pool_2
Lair:5:   due_jungle_book, layout_big_grid, uniq_urug
Swamp:1:  layout_falls_marsh, serial_swamp_ruin, evilmike_swamp_ruin_house_4,
          hangedman_swamp_ruin_wall, evilmike_swamp_ruin_rubble_1,
          uniq_mlioglotl, uniq_donald
Swamp:2:  layout_basic_swamp, nicolae_swamp_well_well_well
Swamp:3:  nicolae_swamp_secret_spriggan_hideout, layout_basic_swamp,
          evilmike_swamp_ruin_house_2
Swamp:4:  swamp_basic_johnstein, layout_basic_swamp,
          portal_ice_cave_entry_ice_statue_two
Snake:1:  layout_grid_shapes, grunt_megastairs_5, uniq_agnes
Snake:2:  layout_layer_cave
Snake:3:  layout_onion_interference, serial_shops, nicolae_shop_stone,
          nicolae_shop_window_shopping, shop, nicolae_snake_boneroom,
          uniq_vashnia, uniq_asterion
Snake:4:  johnstein_snake_rune_scales, layout_onion_interference
Slime:1:  layout_caves
Slime:2:  layout_caves
Slime:3:  layout_caves, nicolae_slime_rock_hall_of_fame
Slime:4:  layout_caves
Slime:5
Orc:1:    layout_caves, serial_shops, nicolae_shop_waterfront,
          trog_butcher_becter
Orc:2:    grunt_orc_gardens, layout_caves, grunt_orc_garden, grunt_orc_garden,
          grunt_orc_garden, grunt_orc_garden
Elf:1:    layout_gridlike, minmay_elf_demonology
Elf:2:    nicolae_elf_blades_crystal_corner, layout_onion_city, serial_shops,
          nicolae_lakefront_shop
Elf:3:    minmay_elf_hall_statues, layout_geoelf_castle, uniq_nikola
Vaults:1: nicolae_vaults_stairing_the_circle, vaults_standard_mumra_lines,
          vaults_room_stairs_pillars, ontoclasm_vaults_ring_small, v_misc_10,
          nicolae_vaults_circle_grid_a, vaults_room_fours,
          nicolae_vaults_little_squares_3, vaults_dpeg_emergency_exit,
          layout_vaults_quadrants
Vaults:2: st_greater_box_3, v_rooms_2, ontoclasm_vaults_fault, v_misc_3,
          dpeg_vaults_monster_row, blue_anna_dwarven_crypt,
          hangedman_vaults_unwind, hangedman_vaults_corner_blocks,
          ontoclasm_vaults_shuriken, nicolae_vaults_big_ls,
          nicolae_vaults_circle_grid_a, nicolae_vaults_little_squares_4,
          nicolae_vaults_angled_halls, nicolae_vaults_ring_of_whatevers,
          grunt_vaults_twisty, layout_vaults_omnibox
Vaults:3: grunt_vaults_bifocal, grunt_vaults_hallway_short,
          ontoclasm_vaults_loading_screen, v_alt_pattern_4,
          nicolae_vaults_three_branches, ontoclasm_vaults_chip,
          nicolae_vaults_diagonal_hallway_8, v_pattern_4,
          hangedman_vaults_stagger, vaults_room_semicircle,
          nicolae_vaults_little_squares_3, vaults_standard_mumra_x,
          nicolae_vaults_rhombus_5, st_hourglassy, vaults_room_hallway,
          hangedman_vaults_slice, grunt_vaults_hallway_short,
          layout_vaults_omnicross
Vaults:4: v_misc_2, vaults_room_door_hall, v_misc_28, vaults_room_ringed_pool,
          grunt_vaults_swirl, hangedman_vaults_cutoff, vaults_dpeg_hooks,
          hangedman_vaults_river_flow, grunt_vaults_focal,
          vaults_room_stairs_pillars, layout_vaults_maze_snakey, serial_shops,
          nicolae_shop_advertising_works [nicolae_subvault_shop_adworks]
Vaults:5: uniq_sojobo
Crypt:1:  layout_gridlike, minmay_misc_feat_cross, uniq_mennas, uniq_khufu
Crypt:2:  layout_misc_corridors, lemuel_upstairs_altar, uniq_frederick
Crypt:3:  lightli_unholy_cathedral, layout_chaotic_city
Tomb:1
Tomb:2
Tomb:3
Depths:1: layout_cave_shapes, rand_demon_pan_entry_3, hell_entry, slow_altar_2
Depths:2: kennysheep_water_balloons, layout_small_grid,
          chequers_serial_rivers_room_b, rand_demon_pan_entry_8, pf_coc_iceberg,
          uniq_mara
Depths:3: grunt_arcs, layout_cave_pools, hell_entry, nicolae_vehumet_radiance,
          serial_shops, bzr_entry_customers, abyss_entry, uniq_boris
Depths:4: evilmike_zot_entry_hall, layout_cave_shapes, enter_ziggurat_e,
          lemuel_blue_sif_altar, grunt_hell_entry_dis_mu, serial_bayou_shore_b
Zot:1:    layout_cellular_growth
Zot:2:    layout_gridlike, uniq_vv
Zot:3:    gammafunk_its_a_trap, layout_gridlike, uniq_tiamat
Zot:4:    layout_concentric_octagons, st_small_dragon_hoard_5,
          hangedman_zot_wheel_spokes, hangedman_zot_decor_slant
Zot:5:    layout_misc_corridors, gammafunk_ghost_cemetery

Skill      XL: |  1  2  3  4  5  6  7  8  9 10 11 12 13 14 15 16 17 18 19 20 21 22 23 24 25 26 27 |
---------------+----------------------------------------------------------------------------------+-----
Ice Magic      | 1 2 3 4 5 |  5.0
Transmutations | 3 4 5 6 7 9 10 12 14 15 16 17 19 21 22 23 24 26 | 26.0
Fighting       | 2 3 4 5 6 7 9 10 11 12 13 14 15 16 17 18 21 | 21.0
Dodging        | 3 4 5 6 7 9 10 11 12 13 14 15 16 17 18 21 | 21.0
Spellcasting   | 3 4 5 6 7 8 9 10 11 12 | 12.0
Unarmed Combat | 4 5 6 8 9 10 11 12 13 14 15 16 17 18 22 | 22.5
Air Magic      | 10 12 14 15 16 17 18 19 20 21 22 24 | 24.8
Translocations | 4 8 10 12 13 | 13.0

Action                   |  1- 3 |  4- 6 |  7- 9 | 10-12 | 13-15 | 16-18 | 19-21 | 22-24 | 25-27 || total
-------------------------+-------+-------+-------+-------+-------+-------+-------+-------+-------++-------
Melee: Unarmed           |    59 |    94 |   272 |   578 |   693 |   642 |   737 |   756 |  1432 ||  5263
       Kick              |    25 |    29 |       |       |       |       |       |       |       ||    54
       Constrict         |    22 |    21 |     3 |     1 |     1 |     3 |     1 |     5 |     7 ||    64
       Tentacles         |    11 |    12 |     3 |     2 |     6 |     4 |     5 |    11 |    13 ||    67
       Punch             |     1 |     1 |     2 |       |    41 |    50 |    83 |    87 |   225 ||   490
       Staff             |       |       |       |       |    14 |    16 |    10 |    23 |    26 ||    89
 Cast: Beastly Appendage |    20 |    20 |     2 |       |     1 |       |       |       |       ||    43
       Wereblood         |     5 |    18 |    13 |    48 |    38 |    51 |    47 |    45 |    97 ||   362
       Ice Form          |       |     2 |    40 |    50 |    18 |       |       |       |       ||   110
       Storm Form        |       |       |       |       |    47 |    61 |    60 |    58 |   109 ||   335
Invok: Call Merchant     |       |       |       |     1 |     2 |     3 |     1 |     4 |     2 ||    13
       Potion Petition   |       |       |       |       |     1 |     1 |       |       |     8 ||    10
 Abil: Blinkbolt         |       |       |       |       |     1 |       |       |       |    10 ||    11
  Use: Scroll            |       |     7 |     5 |     7 |     6 |     5 |     3 |     2 |    10 ||    45
       Potion            |       |     5 |     1 |     1 |       |       |       |       |    10 ||    17
 Stab: Sleeping          |     3 |     2 |       |       |       |     1 |     2 |       |     1 ||     9
       Distracted        |       |       |     2 |     4 |     3 |    11 |    11 |     7 |    18 ||    56
Armor: Skin              |     6 |    29 |   104 |   165 |   219 |   148 |   115 |   132 |   287 ||  1205
Dodge: Dodged            |    18 |    70 |   143 |   452 |   711 |   668 |   668 |   710 |  1531 ||  4971

Table legend: (Time is in decaauts)
 A = Elapsed time spent in this place.
 B = Non-inter-level travel time spent in this place.
 C = Inter-level travel time spent in this place.
 D = Time resting spent in this place.
 E = Time spent auto-exploring this place.
 F = Levels seen in this place.
 G = Mean time per level.
                   A        B        C        D        E       F      G
               +--------+--------+--------+--------+--------+-----+--------+
         Total |  74824 |  64252 |  10572 |   2141 |  49785 |  61 | 1226.6 |
       Dungeon |  24825 |  18501 |   6324 |   1598 |  13552 |  15 | 1655.0 |
          Lair |   8679 |   7663 |   1016 |    261 |   5957 |   5 | 1735.8 |
         Swamp |   3253 |   3163 |     90 |      0 |   2591 |   4 |  813.2 |
     Snake Pit |   4463 |   4257 |    206 |      0 |   3625 |   4 | 1115.8 |
    Slime Pits |   2447 |   2352 |     95 |    168 |   1711 |   5 |  489.4 |
  Orcish Mines |   1912 |   1575 |    337 |      0 |   1294 |   2 |  956.0 |
   Elven Halls |   3967 |   3759 |    208 |      0 |   3124 |   3 | 1322.3 |
        Vaults |   8366 |   7595 |    771 |      0 |   6052 |   5 | 1673.2 |
         Crypt |   2908 |   2728 |    180 |      6 |   2182 |   3 |  969.3 |
          Tomb |   1971 |   1897 |     74 |     37 |   1185 |   3 |  657.0 |
        Depths |   4208 |   3567 |    641 |      0 |   2913 |   4 | 1052.0 |
           Zot |   6512 |   5886 |    626 |     71 |   4684 |   5 | 1302.4 |
        Bazaar |     37 |     37 |      0 |      0 |     32 |   1 |   37.0 |
      Ice Cave |    618 |    618 |      0 |      0 |    392 |   1 |  618.0 |
      Gauntlet |    650 |    650 |      0 |      0 |    489 |   1 |  650.0 |
               +--------+--------+--------+--------+--------+-----+--------+

Top non-repeatable levels by time:
     D:8: 2217 daAuts
Vaults:2: 2179 daAuts
     D:2: 2142 daAuts
  Lair:3: 2091 daAuts
  Lair:5: 2031 daAuts
    D:10: 1906 daAuts
    D:11: 1903 daAuts
     D:5: 1875 daAuts
Vaults:1: 1864 daAuts
  Lair:1: 1840 daAuts
Vaults:5: 1708 daAuts
     D:6: 1701 daAuts
    D:13: 1700 daAuts
     D:7: 1685 daAuts
     D:9: 1680 daAuts
